 Dungeon Crawl Stone Soup version 0.20-a0-540-ge6d1839 (webtiles) character file.

111 KingFishen the Twirler (level 4, -6/34 HPs)
             Began as a Demonspawn Gladiator on Jan 30, 2017.
             Mangled by Sigmund
             ... wielding a +0 scythe
              (10 damage)
             ... on level 3 of the Dungeon.
             The game lasted 00:11:34 (2014 turns).

KingFishen the Twirler (Demonspawn Gladiator)       Turns: 2014, Time: 00:11:34

Health: -6/34      AC:  5    Str: 15    XL:     4   Next: 62%
Magic:  4/4        EV: 13    Int:  9    God:
Gold:   32         SH:  0    Dex: 15    Spells: 3/3 levels left

rFire    . . .     SeeInvis .   a - +0 quarterstaff
rCold    . . .     Gourm    .   m - +0 leather armour (curse)
rNeg     . . .     Faith    .   (shield currently unavailable)
rPois    .         Spirit   .   c - +0 helmet
rElec    .         Reflect  .   (no cloak)
rCorr    .         Harm     .   e - +0 pair of gloves
MR       .....                  (no boots)
Stlth    ++........             (no amulet)
Regen    0.2/turn               (no ring)
                                (no ring)

@: confused
A: large bone plates 1, demonic guardian 1, nightstalker 1
a: no special abilities


You were on level 3 of the Dungeon.
You were hungry.

You visited 1 branch of the dungeon, and saw 3 of its levels.

You collected 32 gold pieces.

Inventory:

Hand Weapons
 a - a +0 quarterstaff (weapon)
Missiles
 d - a throwing net (quivered)
 i - 47 stones
 k - 14 arrows
Armour
 c - a +0 helmet (worn)
 e - a +0 pair of gloves (worn)
 m - a cursed +0 leather armour (worn)
Jewellery
 p - a +2 ring of dexterity {unknown}
Scrolls
 g - a scroll of fog {unknown}
 j - a scroll of teleportation {unknown}
 l - a scroll of identify {unknown}
 n - a scroll of fear {unknown}
 o - 2 scrolls of enchant weapon {unknown}
 q - a scroll of remove curse {unknown}
Potions
 b - a potion of haste {unknown}
 h - 2 potions of heal wounds {unknown}
Comestibles
 f - 2 bread rations
 r - 2 fruits
 s - a chunk of flesh
 t - a royal jelly


   Skills:
 + Level 2.8 Fighting
 * Level 4.0 Staves
 - Level 1.7 Throwing
 + Level 3.4 Dodging


You had 3 spell levels left.
You didn't know any spells.

Dungeon Overview and Level Annotations

Branches:
Dungeon (3/15)

Altars:

Annotations:
D:3 Sigmund


Innate Abilities, Weirdness & Mutations

You are partially covered in large bone plates. (SH +4)
A weak demonic guardian rushes to your aid.
You are slightly more attuned to the shadows.


Message History

You resist with some effort.
You closely miss Sigmund.
Sigmund is severely wounded.
Sigmund casts a spell at you.
You are confused.
You bump into the rock wall.
Sigmund mumbles some strange words.
Sigmund flickers and vanishes!
Deactivating autopickup; reactivate with Ctrl-A.
You closely miss something. Something hits you!
You hit something. Something hits you!
* * * LOW HITPOINT WARNING * * *
You closely miss something.
You bump into the rock wall.
You hear some strange, mumbled words.
A magic dart appears from out of thin air!
The magic dart hits you!
* * * LOW HITPOINT WARNING * * *
You miss your white imp. Something hits you!
You die...

### ###.# #...# #.#.# #.#.# #####
######+#.# #....
##################........###.###
.........).(...{@5............#
##################.......######
#..+...........
####.##.......#### #
#.............# #.............#
#### #..........##.# ...#
#..........# .# ##.# #..........#
.#


You could see a friendly white imp.

Vanquished Creatures
  Ijyb (D:2)
  4 adders
  A worm (D:2)
  3 dart slugs
  9 bats
  2 giant cockroaches
  A goblin (D:3)
  3 hobgoblins
  3 jackals (D:1)
  5 frilled lizards
  10 kobolds
  7 rats
49 creatures vanquished.

Vanquished Creatures (collateral kills)
  An orc (D:3)
1 creature vanquished.

Grand Total: 50 creatures vanquished

Notes
Turn   | Place    | Note
-------+----------+-------------------------------------------
     0 | D:1      | KingFishen the Demonspawn Gladiator began the quest for the Orb.
     0 | D:1      | Reached XP level 1. HP: 16/16 MP: 1/1
   335 | D:1      | Gained mutation: A weak demonic guardian rushes to your aid. [demonic ancestry]
   335 | D:1      | Reached XP level 2. HP: 22/22 MP: 2/2
   487 | D:1      | Reached skill level 3 in Staves
   936 | D:2      | Gained mutation: You are partially covered in large bone plates. (SH +4) [demonic ancestry]
   936 | D:2      | Reached XP level 3. HP: 25/28 MP: 3/3
  1092 | D:2      | Noticed Ijyb
  1103 | D:2      | Killed Ijyb
  1103 | D:2      | Gained mutation: You are slightly more attuned to the shadows. [demonic ancestry]
  1103 | D:2      | Reached XP level 4. HP: 26/34 MP: 4/4
  1961 | D:3      | Noticed Sigmund
  1988 | D:3      | Reached skill level 4 in Staves
  2014 | D:3      | Mangled by Sigmund

Vault maps used:
D:1:      minmay_arrival_four_houses, serial_glass, glass_columns_b,
          glass_columns_a
D:2:      first_bread, uniq_iyjb
D:3:      lemuel_round_altar, led_xom_imps, uniq_sigmund

Skill      XL: |  1  2  3  4 |
---------------+-------------+-----
Staves         | 3 4 |  4.0
Dodging        | 3 |  3.4
Fighting       | |  2.8
Throwing       | |  1.7

Action                   |  1- 3 |  4- 6 || total
-------------------------+-------+-------++-------
Melee: Quarterstaff      |   115 |    48 ||   163
Throw: Throwing net      |       |     2 ||     2
 Stab: Held in net/web   |       |     2 ||     2
       Sleeping          |       |     2 ||     2
  Eat: Chunk             |       |     3 ||     3
Armor: Leather armour    |    40 |    10 ||    50
Dodge: Dodged            |   111 |    24 ||   135
Block: Other             |     5 |     4 ||     9
